 Dungeon Crawl Stone Soup version 0.14.1 (webtiles) character file.

959 Kae the Ruinous (level 7, -19/36 HPs)
             Began as a Tengu Fire Elementalist on Apr 29, 2014.
             Killed from afar by a deep elf mage (21 damage)
             ... with a fireball
             ... on Level 6 of the Dungeon.
             The game lasted 00:09:14 (4912 turns).

Kae the Ruinous (Tengu Fire Elementalist)           Turns: 4912, Time: 00:09:15

HP -19/36        AC  4     Str  8      XL: 7   Next: 85%
MP   8/17        EV 12     Int 17      God:
Gold 178         SH  0     Dex 15      Spells:  4 memorised,  3 levels left

rFire  . . .     SeeInvis .     m - +2,+3 spear
rCold  . . .     Clarity  .     a - +0 robe
rNeg   . . .     Conserve .     (no shield)
rPois  .         rCorr    .     (helmet restricted)
rElec  .         rRot     .     g - +1 cloak
SustAb . .       Spirit   .     (no gloves)
rMut   .         Warding  .     (boots unavailable)
Saprov . . .     Stasis   .     (no amulet)
MR     .....                    (no ring)
                                C - ring of teleport control

@: not resistant to hostile enchantments, fairly stealthy
A: able to fly, beak, talons 3
a: Fly, Evoke Teleport Control


You were on level 6 of the Dungeon.
You were not hungry.

You visited 1 branch of the dungeon, and saw 6 of its levels.

You collected 178 gold pieces.

Inventory:

Hand weapons
 f - a +0,+0 dagger
 m - a +2,+3 spear (weapon)
Missiles
 e - 6 poisoned javelins (quivered)
Armour
 a - a +0 robe (worn)
 g - a +1 cloak (worn)
Magical devices
 j - a wand of confusion (24)
Comestibles
 c - 2 bread rations
 i - 4 meat rations
 n - 2 rotting chunks of worker ant flesh
 r - a chunk of bat flesh
 u - an apple
 x - an orange
Scrolls
 l - a scroll of immolation
 p - a scroll of amnesia
 q - 2 scrolls of teleportation
 y - a scroll of remove curse
Jewellery
 h - an uncursed ring of poison resistance {unknown}
 C - a ring of teleport control (left hand)
 D - an uncursed ring of ice
Potions
 d - a potion of heal wounds {unknown}
 k - 6 potions of curing
 o - a potion of haste
 s - a potion of berserk rage {unknown}
 v - a potion of might {unknown}
 A - 3 potions of invisibility
Books
 b - a book of Flames

   Spells                             Type                      Level
   *Flame Tongue                      Conjuration/Fire             1
   *Throw Flame                       Conjuration/Fire             2
   *Conjure Flame                     Conjuration/Fire             3
   Inner Flame                        Hexes/Fire                   3
   *Sticky Flame                      Conjuration/Fire             4
   Fireball                           Conjuration/Fire             5


   Skills:
 - Level 2.1 Dodging
 - Level 2.0 Stealth
 + Level 3.6 Spellcasting
 * Level 7.1 Conjurations
 * Level 6.9 Fire Magic


You had 3 spell levels left.
You knew the following spells:

 Your Spells              Type           Power        Failure   Level  Hunger
a - Flame Tongue          Conj/Fire      ####.        1%          1    None
b - Throw Flame           Conj/Fire      ####..       1%          2    ##.....
c - Conjure Flame         Conj/Fire      ####....     3%          3    ###....
d - Sticky Flame          Conj/Fire      ####....     12%         4    ####...


Dungeon Overview and Level Annotations

Branches:
Dungeon (6/15)
 Temple: D:4-7

Altars:
Cheibriados
Sif Muna
Trog
Zin

Annotations:
D:4 Menkaure


Innate Abilities, Weirdness & Mutations

You can fly.
You have a beak for a mouth.
You have claws for feet.


Message History

Press: ? - help, Shift-Dir - straight line, f - giant frog
Aim: a giant frog (heavily wounded)
The flame tongue misses the giant frog.
The giant frog hits you!
You barely miss the giant frog.
The giant frog is heavily wounded.
The giant frog hits you!
* * * LOW HITPOINT WARNING * * *
The giant frog barely misses you.
The deep elf mage points at you and mumbles some strange words.
The puff of flame hits you!
* * * LOW HITPOINT WARNING * * *
Unknown command.
Read which item? (? for menu, Esc to quit)
As you read the scroll of fear, it crumbles to dust.
You assume a fearsome visage.
The giant frog looks frightened!
The deep elf mage looks frightened!
The deep elf mage gestures at you while chanting.
The fireball explodes!
The fireball engulfs you!
Ouch! That really hurt!
You die...

.....##....## ..
.......#.....##..#
....................
......................
.......................
.......................
......Fe....?...........
............?............
........@......(<........
..........%..............
..........(............
.......).).............
...........<...........
.......#.....#.#.....
.....>.............
..................
.....###....#.


You could see a deep elf mage (fleeing) and a giant frog (fleeing).

Vanquished Creatures
  Edmund (D:4)
  The ghost of Seskara the Shield-Bearer, an average GrFi of Okawaru (D:4)
  Sigmund (D:5)
  2 scorpions (D:5)
  A centaur skeleton (D:4)
  A hound (D:4)
  A jelly (D:6)
  3 orc wizards
  3 worker ants
  Jessica (D:3)
  3 adders (D:4)
  A scorpion zombie (D:5)
  2 worms
  A giant eyeball (D:4)
  2 oozes
  10 orcs
  5 bats
  4 giant cockroaches
  5 hobgoblins
  4 jackals (D:5)
  2 quokkas
  A ball python (D:5)
  3 giant geckos
  4 giant newts
  15 goblins
  5 kobolds
  10 rats
92 creatures vanquished.

Notes
Turn   | Place    | Note
--------------------------------------------------------------
     0 | D:1      | Kae, the Tengu Fire Elementalist, began the quest for the Orb.
     0 | D:1      | Reached XP level 1. HP: 10/10 MP: 3/3
   528 | D:1      | Reached XP level 2. HP: 10/15 MP: 1/5
  1168 | D:2      | Reached XP level 3. HP: 17/19 MP: 7/7
  1241 | D:2      | Reached skill level 4 in Fire Magic
  1659 | D:2      | Found a deep blue altar of Sif Muna.
  2019 | D:3      | Found a snail-covered altar of Cheibriados.
  2082 | D:3      | Learned a level 2 spell: Throw Flame
  2086 | D:3      | Learned a level 3 spell: Conjure Flame
  2096 | D:3      | Reached XP level 4. HP: 22/24 MP: 4/8
  2441 | D:3      | Noticed Jessica
  2522 | D:3      | Killed Jessica
  2522 | D:3      | Reached XP level 5. HP: 23/28 MP: 8/11
  2746 | D:4      | Reached skill level 5 in Fire Magic
  2779 | D:4      | Noticed Menkaure
  3214 | D:4      | Reached XP level 6. HP: 25/32 MP: 4/13
  3256 | D:4      | Noticed Seskara's ghost (average GrFi)
  3268 | D:4      | Killed Seskara's ghost
  3268 | D:4      | Reached skill level 5 in Conjurations
  3398 | D:4      | Paralysed by a giant eyeball for 4 turns
  3728 | D:5      | Entered Level 5 of the Dungeon
  3845 | D:4      | Found a glowing silver altar of Zin.
  3897 | D:5      | Reached skill level 6 in Fire Magic
  4068 | D:5      | Noticed Sigmund
  4099 | D:5      | Noticed Edmund
  4187 | D:4      | Killed Edmund
  4187 | D:4      | Reached XP level 7. HP: 9/36 MP: 6/16
  4463 | D:4      | Learned a level 4 spell: Sticky Flame
  4486 | D:5      | Killed Sigmund
  4568 | D:5      | Found a bloodstained altar of Trog.
  4897 | D:6      | Reached skill level 7 in Conjurations
  4906 | D:6      | Noticed a deep elf mage
  4912 | D:6      | Killed from afar by a deep elf mage

Action                   |  1- 3 |  4- 6 |  7- 9 || total
-------------------------+-------+-------+-------++-------
Melee: Unarmed           |    22 |       |       ||    22
       Dagger            |    67 |    12 |       ||    79
       Spear             |       |    57 |    13 ||    70
Throw: Javelin           |     1 |       |       ||     1
 Cast: Flame Tongue      |    32 |    57 |    33 ||   122
       Throw Flame       |       |     4 |     5 ||     9
       Conjure Flame     |       |     2 |       ||     2
       Sticky Flame      |       |       |     1 ||     1
 Abil: Evoke Teleport Co |       |     1 |       ||     1
Evoke: Wand              |       |       |     1 ||     1
  Use: Potion            |       |     2 |       ||     2
       Scroll            |       |    13 |     2 ||    15
 Stab: Sleeping          |     1 |     2 |       ||     3
       Distracted        |       |     1 |       ||     1
       Confused          |       |       |     1 ||     1
